 Dungeon Crawl Stone Soup version 0.24-a0-537-g2d01d4ab0a (webtiles) character file.

Game seed: 16804870544774684154

150 Aggronaut the Insei (level 5, 45/46 HPs)
             Began as a Draconian Monk on Aug 14, 2019.
             Was a Believer of Okawaru.
             Quit the game on level 3 of the Dungeon.
             The game lasted 00:06:13 (2408 turns).

Aggronaut the Insei (Draconian Monk)                Turns: 2408, Time: 00:06:13

Health: 45/46      AC:  6    Str: 13    XL:     5   Next: 10%
Magic:  5/5        EV: 14    Int: 10    God:    Okawaru [**....]
Gold:   139        SH:  0    Dex: 15    Spells: 4/4 levels left

rFire    . . .     SeeInvis .     - Unarmed
rCold    . . .     Gourm    .   (no shield)
rNeg     . . .     Faith    .   (armour unavailable)
rPois    .         Spirit   .   (helmet restricted)
rElec    .         Reflect  .   (no cloak)
rCorr    .         Harm     .   (no gloves)
MR       .....                  j - +0 pair of boots
Stlth    ++........             (no amulet)
HPRegen  0.15/turn              (no ring)
MPRegen  0.09/turn              (no ring)

@: no status effects
A: unfitting armour, cold-blooded, AC +5
a: Heroism, Renounce Religion


You were on level 3 of the Dungeon.
You worshipped Okawaru.
Okawaru was pleased with you.
You were not hungry.

You visited 1 branch of the dungeon, and saw 3 of its levels.

You collected 139 gold pieces.

Inventory:

Armour
 j - a +0 pair of boots (worn)
Scrolls
 b - a scroll of identify {unknown}
 c - a scroll of amnesia {unknown}
 d - 3 scrolls of remove curse
 f - a scroll of fear
 l - a scroll of blinking
 m - a scroll of noise {unknown}
 n - a scroll of magic mapping {unknown}
Potions
 e - 2 potions of curing {unknown}
 g - 2 potions of might {unknown}
 h - a potion of berserk rage {unknown}
 i - a potion of cancellation {unknown}
 o - a potion of haste
 p - a potion of flight {unknown}
Comestibles
 a - 3 rations


   Skills:
 + Level 4.2 Fighting
 + Level 3.5 Dodging
 - Level 1.7 Stealth
 * Level 4.6 Unarmed Combat


You had 4 spell levels left.
You didn't know any spells.
Your spell library was empty.

Dungeon Overview and Level Annotations

Branches:
Dungeon (3/15)

Altars:
Okawaru


Innate Abilities, Weirdness & Mutations

Your plain brown scales are hard. (AC +5)
You cannot fit into any form of body armour.
You are cold-blooded and may be slowed by cold attacks.


Message History

You closely miss the jackal. The jackal misses you. x2
You hit the jackal.
The jackal is severely wounded.
The jackal misses you.
Your unstable footing causes you to fumble your attack.
The jackal closely misses you.
You barely miss the jackal.
The jackal is severely wounded.
The jackal completely misses you.
You barely miss the jackal.
The jackal is severely wounded.
The jackal bites you but does no damage.
The jackal completely misses you.
You hit the jackal but do no damage. You tail-slap the jackal.
You kill the jackal!
Okawaru accepts your kill.
There is a dry fountain here.
Quiver which item? (- for none, * to show all) (? for menu, Esc to quit)
Okay, then.
Are you sure you want to abandon this character and quit the game? (Confirm with "yes".)

# .. ..# . .. ##
≈###... # #.#.. #
#...#.# . ..#.⌠.#≈≈#
⌠.#.## # #.#...#≈≈#
.#.. #..###≈≈≈≈###..#
#....≈≈≈≈≈≈....#
#....≈≈≈≈≈≈...@#
#..###≈≈≈≈###..#
##.#...#≈≈#...#....#
#..#.⌠.#≈≈#.⌠.#......#
##..#...#≈≈#...#...##..
.....###≈..≈###..### .
.##..............#
.....##.##########
#.......#


There were no monsters in sight!

Vanquished Creatures
  7 adders
  A dart slug (D:1)
  2 leopard geckos
  5 giant cockroaches
  6 goblins
  9 hobgoblins
  11 jackals
  11 kobolds
  3 ball pythons
  8 bats
  5 frilled lizards
  13 rats
81 creatures vanquished.

Notes
Turn   | Place    | Note
-------+----------+-------------------------------------------
     0 | D:1      | Aggronaut the Draconian Monk began the quest for the Orb.
     0 | D:1      | Reached XP level 1. HP: 19/19 MP: 1/1
   133 | D:1      | Reached XP level 2. HP: 14/26 MP: 2/2
   515 | D:1      | Reached XP level 3. HP: 22/31 MP: 3/3
  1183 | D:2      | Reached XP level 4. HP: 19/40 MP: 4/4
  2299 | D:3      | Reached XP level 5. HP: 46/46 MP: 5/5
  2318 | D:3      | Found a faded altar of an unknown god.
  2338 | D:3      | Became a worshipper of Warmaster Okawaru
  2338 | D:3      | Reached * piety under Okawaru
  2338 | D:3      | Reached ** piety under Okawaru
  2408 | D:3      | Quit the game

Levels and vault maps discovered:
D:1:      lemuel_arrival_funnel, layout_loops_ring
D:2:      layout_basic, minmay_octomino_c4
D:3:      layout_rooms, chequers_ecumenical_altar_simple_redux,
          chequers_decorated_corner, fountainhead

Skill      XL: |  1  2  3  4 |
---------------+-------------+-----
Dodging        | 3 |  3.5
Unarmed Combat | 4 |  4.6
Fighting       | 4 |  4.2
Stealth        | |  1.7

Action                   |  1- 3 |  4- 6 || total
-------------------------+-------+-------++-------
Melee: Unarmed           |   156 |   115 ||   271
       Tailslap          |    19 |    15 ||    34
       Punch             |     1 |       ||     1
  Use: Scroll            |       |     3 ||     3
 Stab: Sleeping          |     5 |     2 ||     7
  Eat: Chunk             |       |     5 ||     5
Armor: Skin              |    64 |    30 ||    94
Dodge: Dodged            |   115 |    93 ||   208

Table legend:
 A = Non-vault XP
 B = Vault XP
 C = Vault XP percentage of total XP
 D = Non-vault monster count
 E = Vault monster count
 F = Vault count percentage of total count
                 A         B        C        D         E       F
            +---------+---------+-------+---------+---------+-------
      Total |     206 |       9 |   4.2 |      76 |       5 |   6.2
            +---------+---------+-------+---------+---------+-------
        D:1 |      68 |       0 |   0.0 |      40 |       0 |   0.0
        D:2 |      87 |       9 |   9.4 |      28 |       5 |  15.2
        D:3 |      51 |       0 |   0.0 |       8 |       0 |   0.0
            +---------+---------+-------+---------+---------+-------
